 Dungeon Crawl Stone Soup version 0.30.0-29-ga12c61a403 (webtiles) character file.

Game seed: 13781674442951611563

59 cdecastro the Cudgeller (level 3, -1/32 HPs)
             Began as an Armataur Warper on June 19, 2023.
             Succumbed to an adder's poison
             ... on level 2 of the Dungeon.
             The game lasted 00:02:54 (1185 turns).

cdecastro the Cudgeller (Armataur Warper)           Turns: 1185, Time: 00:02:54

Health: -1/32      AC:  5    Str: 16    XL:     3   Next: 78%
Magic:  5/5        EV:  9    Int: 13    God:
Gold:   36         SH:  0    Dex: 11    Spells: 5/5 levels left

rFire   . . .        a - +0 mace
rCold   . . .        (no shield)
rNeg    . . .        b - +0 leather armour
rPois   .            (no helmet)
rElec   .            (no cloak)
rCorr   .            e - +0 pair of gloves
SInv    .            (no barding)
Will    .....        (no amulet)
Stlth   +            (no ring)
HPRegen 0.25/turn    (no ring)
MPRegen 0.09/turn

%: roll
@: lethally poisoned (-1 -> -6)
A: large, rugged brown scales 3, deformed body, armoured tail, roll, long
tongue, awkward tongue
a: no special abilities


You were on level 2 of the Dungeon.
You visited 1 branch of the dungeon, and saw 2 of its levels.

You collected 36 gold pieces.

Inventory:

Hand Weapons
 a - a +0 mace (weapon)
Missiles
 d - 5 boomerangs of dispersal (quivered)
Armour
 b - a +0 leather armour (worn)
 e - a +0 pair of gloves (worn)
Scrolls
 c - 2 scrolls of blinking
 f - a scroll of identify {unknown}
 g - a scroll of magic mapping {unknown}
 h - a scroll of vulnerability {unknown}
 i - a scroll of noise {unknown}
 k - a scroll of immolation {unknown}
Potions
 j - a potion of heal wounds {unknown}


   Skills:
 + Level 2.5 Fighting
 * Level 3.2 Maces & Flails
 - Level 0.8 Throwing
 - Level 1.2 Armour
 - Level 1.3 Dodging
 - Level 1.7 Spellcasting
 - Level 3.0 Translocations


You had 5 spell levels left.
You didn't know any spells.
Your spell library contained the following spells:

 Spells                   Type           Power      Damage    Failure   Level
 Blink                    Tloc           16%        N/A       14%         2
 Lesser Beckoning         Tloc           16%        N/A       14%         2
 Teleport Other           Tloc           8%         N/A       28%         3
 Vhi's Electric Charge    Tloc/Air       10%        N/A       45%         3
 Manifold Assault         Tloc           8%         N/A       67%         4


Dungeon Overview and Level Annotations

Branches:
Dungeon (2/15)

Altars:


Innate Abilities, Weirdness & Mutations

You are completely covered in rugged brown scales. (AC +3, +7% HP)
Armour fits poorly on your strangely shaped body.
You have a long armoured tail.
You roll when moving toward enemies. (Rampage)
Your long tongue fully drains potion bottles. (2x potion effects)
Your tongue gives you trouble enunciating. (1.5x scroll delay)


Message History

The adder is almost dead.
You feel very sick. The adder bites you.
* * * LOW HITPOINT WARNING * * *
The adder bites you.
* * * LOW HITPOINT WARNING * * *
You are lethally poisoned!
The adder poisons you!
Throw: 9 boomerangs (disperse)
Press: ? - help, Q - select action Shift-Dir - straight line, f - adder
Aim: an adder (almost dead, 35% to hit)
You throw a boomerang of dispersal.
The boomerang of dispersal misses the adder.
* * * LOW HITPOINT WARNING * * *
You feel very sick. The adder completely misses you.
Throw: 8 boomerangs (disperse)
Press: ? - help, Q - select action Shift-Dir - straight line, f/p - adder
Aim: an adder (almost dead, 35% to hit)
You throw a boomerang of dispersal.
The boomerang of dispersal hits the adder and shatters for extra damage.
The adder blinks!
The adder is almost dead.
* * * LOW HITPOINT WARNING * * *
You feel very sick.
Throw: 7 boomerangs (disperse)
Press: ? - help, Q - select action Shift-Dir - straight line, f/p - adder
Aim: an adder (almost dead, 35% to hit)
You throw a boomerang of dispersal.
The boomerang of dispersal closely misses the adder.
* * * LOW HITPOINT WARNING * * *
You feel sick.
Throw: 6 boomerangs (disperse)
Press: ? - help, Q - select action Shift-Dir - straight line, f/p - adder
Aim: an adder (translocational energy, almost dead, 35% to hit)
You throw a boomerang of dispersal.
The boomerang of dispersal hits the adder and shatters for extra damage!
The adder blinks!
You kill the adder!
You die...

#....# #### .# ..
####..#.# #.. .###..
..>.....#
#.#######..#...
#..###.##...........
##...†.#..†.:.......
#††###).!..........
##..###.............
#....<#.....†.......
#>###.#...@§........
... #.#.............
#..#
#.##............
....
#...............
#....
#...#.##########
#... ....#..#
###..... #.....


There were no monsters in sight!

Vanquished Creatures
  A gnoll (D:1)
  An adder (D:2)
  A worm (D:2)
  A dart slug (D:2)
  3 ball pythons (D:1)
  5 endoplasms (D:1)
  3 giant cockroaches
  4 goblins
  4 hobgoblins (D:1)
  5 jackals
  2 kobolds (D:1)
  A quokka (D:1)
  2 bats
  2 frilled lizards (D:1)
  3 rats (D:1)
38 creatures vanquished.

Notes
Turn   | Place    | Note
-------+----------+-------------------------------------------
     0 | D:1      | cdecastro the Armataur Warper began the quest for the Orb.
     0 | D:1      | Reached XP level 1. HP: 18/18 MP: 3/3
   239 | D:1      | Found a faded altar of an unknown god.
   270 | D:1      | Reached XP level 2. HP: 16/21 MP: 4/4
   744 | D:1      | Reached XP level 3. HP: 15/32 MP: 5/5
  1184 | D:2      | HP: 1/32 [poisoned by an adder]
  1185 | D:2      | Succumbed to an adder's poison

Illustrated notes

Levels and vault maps discovered:
D:1:      dpeg_arrival_stone_temple_mockup, layout_loops_corners,
          dreamdust_ecumenical_altar_statues
D:2:      layout_rooms, minivault_27

Skill      XL: |  1  2  3 |
---------------+----------+-----
Maces & Flails | 2 3 |  3.2
Fighting       | 2 |  2.5
Throwing       | |  0.8
Armour         | |  1.2
Dodging        | |  1.3
Spellcasting   | |  1.7
Translocations | |  3.0

Action                     || total
---------------------------++-------
  Melee: Mace              ||   115
         Tailslap          ||    11
         Punch             ||     1
  Throw: Boomerang         ||     4
 Armour: Leather armour    ||    45
  Dodge: Dodged            ||    45
